 Dungeon Crawl Stone Soup version 0.28-a0-909-g796cbd3a86 (webtiles) character file.

Game seed: 11423481324616994828

361112 Htamos the Acrobat (level 21, -5/105 HPs)
             Began as a Spriggan Conjurer on Nov 23, 2021.
             Was an Elder of Hepliaklqana.
             Slain by a quicksilver ooze (10 damage)
             ... created by the Royal Jelly
             ... on level 5 of the Pits of Slime on Nov 24, 2021.
             The game lasted 06:09:58 (87400 turns).

Htamos the Acrobat (Spriggan Conjurer)             Turns: 87400, Time: 06:09:58

Health: -5/105     AC:  7    Str:  7      XL:     21   Next: 49%
Magic:  23/43      EV: 29    Int: 25 (29) God:    Hepliaklqana [****..]
Gold:   307        SH: 10    Dex: 14      Spells: 27/63 levels left

rFire   + + .      SeeInvis +   v - +8 whip "Snakebite" {venom, curare, rPois}
rCold   . . .      Faith    +   g - +3 buckler {rF+}
rNeg    . . .      Spirit   .   L - +0 troll leather armour
rPois   +          Reflect  .   r - +2 hood of the Assassin {Detection Stab+ Stlth++}
rElec   .          Harm     .   c - +2 cloak {Will+}
rCorr   +          Rampage  .   (gloves unavailable)
Will    +++++                   (boots unavailable)
Stlth   ++++++....              m - amulet of faith
HPRegen 1.27/turn               Q - +6 ring of intelligence
MPRegen 0.28/turn               J - ring of Zodghabb {Fly rF+ Will+ rCorr}

@: flying, unable to read, very quick
A: reduced essence, very small, no large weapons, unfitting armour, see
invisible, speed 3, talons 1, deformed body, deterioration 1, low mp 1,
screaming 2, weak 1, inability to read while threatened, MP-powered wands
}: 2/15 runes: serpentine, barnacled
a: Renounce Religion, Recall Ancestor, Ancestor Identity, Transference, Idealise


You were on level 5 of the Pits of Slime.
You worshipped Hepliaklqana.
Hepliaklqana was greatly pleased with you.
You visited 9 branches of the dungeon, and saw 44 of its levels.
You also visited: Ice Cave and Volcano.

You collected 4381 gold pieces.
You spent 4074 gold pieces at shops.

Inventory:

Hand Weapons
 e - the +1 demon trident of Execution {vamp, Dex+4}
   (You took it off a merfolk impaler on level 4 of the Shoals)

   It occasionally heals its wielder for a portion of the damage dealt when it
   wounds a living foe.
   Dex:       It affects your dexterity (+4).
 v - the +8 whip "Snakebite" (weapon) {venom, curare, rPois}
   (You found it on level 4 of the Snake Pit)

   It poisons the flesh of those it strikes.
   It occasionally inflicts asphyxiating poison on those it strikes, dealing
   poison damage and causing slowness.
   rPois:     It protects you from poison.
 F - a +9 dagger of chaos {!w}
 I - the +10 quarterstaff of Sunlight {pain, Fly SInv Stlth-}
   (You took it off an orc wizard on level 8 of the Dungeon)

   In the hands of one skilled in necromantic magic, it inflicts extra damage on
   living creatures.
   SInv:      It lets you see invisible.
   Fly:       It grants you flight.
   Stlth:     It makes you less stealthy.
 K - a +0 demon trident of pain
 P - the +7 whip of Dullness {holy, MP+9}
   (You found it on level 10 of the Dungeon)

   It has been blessed by the Shining One to cause great damage to the undead
   and demons.
   MP:        It affects your magic capacity (+9).
Missiles
 S - 2 curare-tipped darts
Armour
 c - a +2 cloak of willpower (worn)
 g - a +3 buckler of fire resistance (worn)
 r - the +2 hood of the Assassin (worn) {Detection Stab+ Stlth++}
   (You acquired it on level 5 of the Dungeon)

   It allows the wearer to sense nearby creatures.
   It allows the wearer to make particularly effective stabbing attacks against
   helpless or unaware enemies with any weapon.
   Stlth:     It makes you much more stealthy.
 u - the +4 skin of Zhor {*Englaciate rC+++ SInv}
   (You found it in an ice cave)

   It radiates cold, occasionally slowing all nearby creatures who are not
   resistant to cold.
   rC:        It renders you almost immune to cold.
   SInv:      It lets you see invisible.
 B - the +1 robe of Insurance {+Inv rF+ Str-2}
   (You took it off a deep elf sorcerer on level 3 of the Elven Halls)

   Str:       It affects your strength (-2).
   rF:        It protects you from fire.
   +Inv:      It lets you turn invisible.
 E - the +2 robe "Gurrug" {rC+ rCorr MP+9}
   (You found it on level 7 of the Dungeon)

   rC:        It protects you from cold.
   MP:        It affects your magic capacity (+9).
   rCorr:     It protects you from acid and corrosion.
 L - a +0 troll leather armour (worn)
 Y - +3 ice dragon scales
Jewellery
 a - an amulet of regeneration
 d - an amulet of reflection
 i - a ring of magical power
 l - a ring of positive energy
 m - an amulet of faith (around neck)
 x - the ring "Higohuall" {rC+ rN++ Str+6}
   (You bought it in a shop on level 2 of the Orcish Mines)

   [ring of strength]

   Str:       It affects your strength (+6).
   rC:        It protects you from cold.
   rN:        It greatly protects you from negative energy.
 G - a ring of poison resistance
 J - the ring of Zodghabb (right hand) {Fly rF+ Will+ rCorr}
   (You bought it in a shop on level 2 of the Orcish Mines)

   [ring of resist corrosion]

   rF:        It protects you from fire.
   Fly:       It grants you flight.
   rCorr:     It protects you from acid and corrosion.
   Will:      It increases your willpower.
 N - a ring of protection from cold
 Q - a +6 ring of intelligence (left hand)
Wands
 b - a wand of paralysis (1)
 h - a wand of digging (17)
 q - a wand of flame (41)
 V - a wand of polymorph (8)
 Z - a wand of charming (25)
Scrolls
 f - a scroll of silence
 j - 6 scrolls of amnesia
 o - 4 scrolls of identify {@rr}
 y - 5 scrolls of teleportation
 U - 6 scrolls of fog
 X - 3 scrolls of vulnerability
Potions
 s - 4 potions of flight
 w - a potion of curing {@qc}
 z - 2 potions of cancellation
 A - 2 potions of invisibility
 H - 10 potions of lignification
 M - 4 potions of berserk rage
 T - 6 potions of might


   Skills:
 * Level 15.0 Fighting
 - Level 6.4 Short Blades
 + Level 3.3 Armour
 - Level 22.0 Dodging
 - Level 10.1 Stealth
 - Level 7.2 Shields
 + Level 21.6 Spellcasting
 - Level 12.6 Conjurations
 - Level 5.5 Hexes
 - Level 12.3 Translocations
 - Level 13.7 Invocations
 - Level 6.7 Evocations


You had 27 spell levels left.
You knew the following spells:

 Your Spells              Type           Power      Damage    Failure   Level
a - Magic Dart            Conj           100%       1d8       0%          1
b - Fulminant Prism       Conj/Hex       32%        3d16      1%          4
c - Iskenderun's Mystic   Conj/Tloc      74%        2d15      1%          4
d - Summon Guardian Gole  Hex/Summ       41%        N/A       1%          3
e - Teleport Other        Tloc           73%        N/A       1%          3
f - Dispel Undead         Necr           27%        3d13      22%         4
g - Orb of Destruction    Conj           37%        9d13      10%         7
h - Flame Wave            Conj/Fire      56%        3d10      1%          4
i - Petrify               Tmut/Erth      27%        N/A       22%         4
j - Passwall              Tmut/Erth      22%        N/A       3%          2

Your spell library contained the following spells:

 Spells                   Type           Power      Damage    Failure   Level
 Apportation              Tloc           100%       N/A       0%          1
 Foxfire                  Conj/Fire      100%       2x1d9     1%          1
 Slow                     Hex            100%       N/A       1%          1
 Searing Ray              Conj           100%       2d8       1%          2
 Static Discharge         Conj/Air       56%        N/A       1%          2
 Confusing Touch          Hex            53%        N/A       1%          3
 Dazzling Flash           Conj/Hex       100%       N/A       1%          3
 Gell's Gravitas          Tloc           73%        N/A       1%          3
 Portal Projectile        Hex/Tloc       100%       N/A       1%          3
 Sticky Flame             Conj/Fire      56%        2d7       1%          4
 Dispersal                Tloc           36%        N/A       1%          6
 Animate Skeleton         Necr           54%        N/A       2%          1
 Summon Small Mammal      Summ           100%       N/A       2%          1
 Scorch                   Fire           54%        2d7       3%          2
 Sublimation of Blood     Necr           27%        N/A       3%          2
 Irradiate                Conj/Tmut      28%        3d23      4%          5
 Ozocubu's Armour         Ice            27%        N/A       6%          3
 Swiftness                Air            27%        N/A       6%          3
 Vampiric Draining        Necr           27%        2d7       6%          3
 Blade Hands              Tmut           13%        N/A       52%         5
 Excruciating Wounds      Necr           13%        N/A       52%         5
 Spellforged Servitor     Conj/Summ      28%        N/A       80%         7
 Summon Cactus Giant      Summ           13%        N/A       97%         6
 Ozocubu's Refrigeration  Ice            13%        4d7       100%        7


Dungeon Overview and Level Annotations

Branches:
Dungeon (15/15)            Temple (0/1) D:5            Lair (6/6) D:9
 Shoals (4/4) Lair:2        Snake (4/4) Lair:4        Slime (5/5) Lair:5
    Orc (2/2) D:11            Elf (3/3) Orc:2        Vaults (1/5) D:14
 Depths (4/4) D:15          IceCv (visited)         Volcano (visited)
    Zot: Depths:4

Altars:
Ashenzari
Cheibriados
Elyvilon
Gozag
Hepliaklqana
Kikubaaqudgha
Makhleb
Nemelex Xobeh
Qazlal
Sif Muna
Trog
Vehumet
Wu Jian
Beogh
Jiyva

Shops:
D:7 *   D:10 *   Orc:2 =!**   Elf:1 :   Shoals:3 *([   Snake:4 =::   Depths:2 *

Portals:
Hell: Depths:1 Depths:2 Depths:3 Depths:4
Abyss: Depths:3
Pandemonium: Depths:2
Ziggurat: Depths:3

Annotations:
D:5 exclusion: two-headed ogre, Shadowsilk's ghost, novice TrEE
D:11 exclusion: 2 oklob plants
Snake:1 exclusion: oklob plant
Snake:4 Nikola
Slime:5 Royal Jelly
Orc:1 2 transporters, Lidduohi's ghost, journeyman TrBe
Elf:2 3 runed translucent doors
Depths:1 exclusion: door
Depths:2 exclusion: 2 downstairs


Innate Abilities, Weirdness & Mutations

Your life essence is reduced to manifest your ancestor. (-10% HP)
You are very small and have problems with some larger weapons.
You are too small for most types of armour.
You have supernaturally acute eyesight. (SInv)
You cover ground extremely quickly. (Speed+++)
You have sharp toenails.
Armour fits poorly on your strangely shaped body.
Your body sometimes deteriorates upon taking damage.
Your magical capacity is low. (-10% MP)
You frequently scream uncontrollably at your foes.
You are weak. (Str -2)
You sometimes lose the ability to read scrolls when taking damage.
You expend magic power (3 MP) to strengthen your wands.


Message History

Your surroundings suddenly seem different.
The quicksilver ooze quivers.
The quicksilver ooze jiggles.
Unknown command.
You cannot read scrolls in your current state!
Okay, then.
Okay, then.
Drinking this now will have no effect.
Unknown command.
Unknown command.
Unknown command.
The azure jelly barely misses you. You block the azure jelly's attack.
The azure jelly barely misses you. The azure jelly hits you.
* * * LOW HITPOINT WARNING * * *
The quicksilver ooze closely misses you.
The quicksilver ooze completely misses you.
The azure jelly hits you but does no damage.
The azure jelly hits you.
* * * LOW HITPOINT WARNING * * *
The azure jelly freezes you!!
* * * LOW HITPOINT WARNING * * *
You block the azure jelly's attack.
The azure jelly hits you but does no damage.
You block the azure jelly's attack. x2; The azure jelly completely misses you.
You block the azure jelly's attack.
The quicksilver ooze completely misses you.
The quicksilver ooze hits you but does no damage.
Unknown command.
The azure jelly barely misses you. The azure jelly misses you.
The azure jelly completely misses you. x2
The quicksilver ooze barely misses you. The quicksilver ooze misses you.
Unknown command.
You are splashed with acid.
* * * LOW HITPOINT WARNING * * *
You block the quicksilver ooze's attack.
The quicksilver ooze completely misses you.
Unknown command.
You block the quicksilver ooze's attack.
The quicksilver ooze misses you. The quicksilver ooze barely misses you.
The quicksilver ooze hits you!
You die...

##...............
#...J.J..........
##...JJ...........
##...JJ............
#..J..JJ...........
##J.JJJ............
###.J.J.............
#.JJJJ..............
#..@J...............
##...................
#....................
###..................
##.................
##................
#................
#................
#................


You could see the Royal Jelly, 3 acid blobs, 7 azure jellies, 2 rockslimes and 7
quicksilver oozes.

Vanquished Creatures
  4 caustic shrikes (Depths:3)
  2 deep elf master archers (Elf:3)
  11 acid blobs
  Frances (D:13)
  A kraken (Shoals:4)
  A sphinx (Shoals:4)
  A nagaraja (Snake:4)
  2 azure jellies
  4 rockslimes
  2 deep elf sorcerers (Elf:3)
  A deep elf elementalist (Elf:3)
  A quicksilver ooze (Slime:2)
  A stone giant (Depths:1)
  A vampire knight (Depths:2)
  A dire elephant (Vaults:1)
  A minotaur (Shoals:4)
  2 spark wasps (Depths:3)
  A deep elf annihilator (Elf:1)
  A deep elf death mage (Elf:3)
  2 merfolk impalers
  An ettin (Depths:2)
  Josephine (D:11)
  A merfolk javelineer (Shoals:3)
  3 deep elf high priests (Elf:3)
  A mummy priest (Depths:3)
  3 fire dragons
  A rakshasa (Depths:3)
  A salamander tyrant (Snake:2)
  An ice dragon (D:15)
  3 hydras
  3 anacondas
  7 naga warriors
  An ironbound frostheart (Vaults:1)
  5 satyrs (Shoals:4)
  2 centaur warriors
  3 merfolk aquamancers (Shoals:1)
  6 two-headed ogres
  11 dancing weapons
  A tengu warrior (Depths:3)
  A deep troll earth mage (Depths:2)
  2 spriggan berserkers (Depths:2)
  An orc high priest (Orc:1)
  A shock serpent (Snake:2)
  Sonja (D:10)
  Nergalle (D:12)
  9 deep elf knights
  An iron troll (Depths:2)
  A salamander mystic (Snake:4)
  4 sea snakes
  2 skeletal warriors (D:15)
  2 glowing orange brains
  2 flayed ghosts (Depths:2)
  11 deep elf archers
  A bog body (IceCv)
  4 deep trolls
  A shadow demon (Depths:2)
  A naga ritualist (Snake:3)
  5 harpies
  17 deep elf zephyrmancers
  23 deep elf pyromancers
  5 orc knights
  7 ugly things
  4 orc sorcerers (Orc:2)
  An orb spider (shapeshifter) (Elf:2)
  11 fauns
  A shining eye (Slime:4)
  3 oklob plants (Lair:5)
  A cyclops (D:13)
  5 manticores
  3 salamanders
  13 black mambas
  3 elephants (Lair:5)
  6 water nymphs
  2 naga magi
  2 ice statues (IceCv)
  7 cane toads
  Joseph (D:8)
  7 merfolk sirens
  An eye of devastation (Slime:3)
  2 gargoyles (Volcano)
  A rime drake (Lair:6)
  A freezing wraith (D:15)
  Psyche (D:8)
  An efreet (D:15)
  3 entropy weaver simulacra (IceCv)
  An anaconda simulacrum (IceCv)
  4 komodo dragons
  2 tengu conjurers (Depths:2)
  3 ice devils
  17 merfolk
  A wind drake (Shoals:4)
  A red devil (Depths:2)
  24 blink frogs
  34 slime creatures
  A hornet (Depths:3)
  10 dream sheep
  A fire giant simulacrum (Depths:3)
  An ettin skeleton (Depths:2)
  An air elemental (Elf:3)
  2 wyverns
  A vampire (D:13)
  4 wraiths
  21 yaks
  3 basilisks
  A dire elephant simulacrum (IceCv)
  6 water elementals
  2 steam dragons
  9 golden eyes
  A death yak simulacrum (IceCv)
  10 vampire mosquitoes
  A warg (Orc:1)
  9 nagas
  A harpy simulacrum (IceCv)
  9 water moccasins
  10 orc warriors
  An ice beast (D:6)
  3 black bears
  5 ogres
  A necrophage (D:6)
  2 sky beasts
  8 wolves
  13 centaurs
  A kobold brigand (D:9)
  A gnoll sergeant (D:7)
  17 bullfrogs
  3 scorpions
  A two-headed ogre simulacrum (IceCv)
  A water moccasin zombie (D:6)
  An elephant simulacrum (IceCv)
  14 killer bees
  2 howler monkeys
  4 electric eels
  A bullfrog zombie (D:5)
  A lava snake (Volcano)
  A centaur zombie (D:9)
  2 hounds
  2 jellies
  19 orc priests
  2 bullfrog skeletons (D:6)
  4 iguanas
  22 orc wizards
  A statue (D:9)
  A yak simulacrum (Lair:6)
  A killer bee zombie (D:6)
  3 wolf simulacra (Lair:6)
  8 adders
  6 gnolls
  A white imp (D:5)
  An ufetubus (D:6)
  A worm (D:3)
  2 dart slugs
  An orc (shapeshifter) (D:13)
  67 orcs
  5 ball pythons
  4 bats
  4 endoplasms
  5 giant cockroaches
  15 goblins
  5 hobgoblins
  6 quokkas
  3 frilled lizards (D:2)
  18 kobolds
  5 rats
  3 river rat simulacra (Lair:6)
  7 fulminant prisms
775 creatures vanquished.

Vanquished Creatures (collateral kills)
  A juggernaut (Lair:5)
  A caustic shrike (Depths:2)
  2 liches
  Asterion (Elf:2)
  The ghost of Roink the Brawler, an adept TrMo of Okawaru (Snake:4)
  A sphinx (Depths:2)
  15 acid blobs
  A tengu reaver (Depths:3)
  2 azure jellies
  A revenant (Depths:2)
  Ilsuiw (Shoals:3)
  7 nagarajas
  2 fire giants (Depths:3)
  3 rockslimes
  5 deep elf sorcerers (Elf:3)
  A frost giant (Depths:2)
  2 juggernaut zombies (Depths:2)
  2 ironbound preservers
  8 quicksilver oozes
  6 very ugly things
  7 stone giants
  2 deep elf demonologists (Elf:3)
  5 vampire knights
  4 deep elf annihilators (Elf:3)
  2 spark wasps (Depths:3)
  A dire elephant (Vaults:1)
  3 merfolk javelineers
  An ettin (Depths:3)
  A minotaur (Shoals:4)
  2 deep elf death magi (Elf:3)
  A mummy priest (Depths:3)
  7 great orbs of eyes
  2 deep elf high priests (Elf:3)
  3 jiangshi (Depths:2)
  3 fire dragons
  A merfolk impaler (Shoals:1)
  A salamander tyrant (Snake:4)
  A rakshasa (Depths:3)
  Erolcha (D:9)
  2 ice dragons (Depths:1)
  4 hydras
  14 naga warriors
  4 vault guards
  An ogre mage (Orc:1)
  A spriggan air mage (Depths:3)
  2 merfolk avatars
  3 merfolk aquamancers
  A catoblepas (Lair:5)
  4 centaur warriors
  3 boulder beetles
  2 dancing weapons (Elf:2)
  2 anacondas
  5 two-headed ogres
  4 satyrs
  15 naga sharpshooters
  4 tengu warriors (Depths:1)
  3 deep troll shamans (Depths:2)
  4 deep troll earth magi (Depths:2)
  4 orc high priests
  3 spriggan berserkers
  A soul eater (Depths:2)
  A sun demon (Depths:2)
  2 shock serpents
  2 deep elf knights
  A salamander mystic (Snake:4)
  2 skeletal warriors
  2 golden dragon zombies (Depths:2)
  3 iron trolls (Depths:2)
  A storm dragon skeleton (Depths:2)
  2 deep trolls
  7 sea snakes
  3 flayed ghosts
  A glowing orange brain (Depths:2)
  3 necromancers
  6 naga ritualists
  5 harpies
  An ironbound convoker (Vaults:1)
  A golden dragon skeleton (Depths:2)
  4 mana vipers
  8 deep elf pyromancers
  5 deep elf zephyrmancers
  An orc knight (Orc:2)
  6 deep elf archers
  An iron dragon zombie (Depths:2)
  2 oklob plants (Lair:5)
  22 ugly things
  4 shining eyes
  2 orc sorcerers (Orc:2)
  A stone giant zombie (Depths:2)
  A wolf spider (shapeshifter) (Elf:1)
  A sphinx zombie (Depths:3)
  3 frost giant skeletons (Depths:2)
  5 cyclopes
  An iron dragon skeleton (Depths:2)
  8 manticores
  A sphinx skeleton (Depths:2)
  8 fauns
  5 salamanders
  5 guardian serpents
  A fire giant skeleton (Depths:2)
  5 merfolk sirens
  7 black mambas
  A molten gargoyle (Volcano)
  An eye of devastation (Slime:4)
  11 cane toads
  2 water nymphs (Shoals:3)
  A gargoyle (Volcano)
  A cane toad (shapeshifter) (D:14)
  14 naga magi
  2 efreet
  3 rime drakes
  An unseen horror (D:11)
  A kobold demonologist (D:14)
  5 komodo dragons
  A freezing wraith (IceCv)
  An anaconda simulacrum (IceCv)
  4 ice devils
  4 tengu conjurers
  A hellwing (Depths:2)
  A queen bee (Lair:3)
  3 trolls
  An entropy weaver simulacrum (IceCv)
  A polar bear (Lair:4)
  4 tyrant leeches (Lair:6)
  24 merfolk
  2 wind drakes
  9 blink frogs
  2 hornets
  A slime creature (shapeshifter) (D:14)
  A dream sheep (shapeshifter) (Elf:3)
  2 snapping turtles
  5 dream sheep
  57 slime creatures
  4 flying skulls (Depths:2)
  3 spriggans
  7 wyverns
  A spriggan simulacrum (Depths:3)
  25 yaks
  A shadow (D:12)
  5 water elementals (Shoals:1)
  3 basilisks
  A fire bat (Volcano)
  4 wraiths
  2 golden eyes (Slime:2)
  33 nagas
  2 harpy simulacra (IceCv)
  10 vampire mosquitoes
  A human zombie (Depths:2)
  2 wargs
  2 acid dragons (D:12)
  11 water moccasins
  A floating eye (D:11)
  A sky beast (D:7)
  11 orc warriors
  6 ogres
  10 wolves
  4 centaurs
  2 kobold brigands
  2 bullfrogs
  2 earth elementals (Volcano)
  A gnoll sergeant (D:12)
  23 killer bees
  An elephant simulacrum (IceCv)
  2 electric eels
  2 centaur zombies
  9 orc priests
  An iguana (D:7)
  7 orc wizards
  2 polar bear simulacra
  2 yak simulacra (Lair:6)
  A wolf simulacrum (Lair:6)
  5 gnolls
  An ufetubus (IceCv)
  31 orcs
  A hobgoblin (D:9)
  5 kobolds
764 creatures vanquished.

Vanquished Creatures (others)
  A deep elf annihilator (Elf:3)
  2 anacondas (Snake:3)
  A deep elf zephyrmancer (Elf:2)
  A wizard (D:14)
  2 slime creatures (Slime:5)
  87 knights
  An ancestor (D:6)
  717 fulminant prisms
  55 fungi
  244 plants
  49 tentacles (Shoals:4)
1160 creatures vanquished.

Grand Total: 2699 creatures vanquished

Notes
Turn   | Place    | Note
-------+----------+-------------------------------------------
     0 | D:1      | Htamos the Spriggan Conjurer began the quest for the Orb.
     0 | D:1      | Reached XP level 1. HP: 9/9 MP: 5/5
   454 | D:1      | Reached XP level 2. HP: 14/14 MP: 1/6
   901 | D:2      | Reached XP level 3. HP: 17/17 MP: 3/9
  1002 | D:2      | Reached skill level 1 in Fighting
  1683 | D:2      | Reached XP level 4. HP: 22/22 MP: 6/11
  1916 | D:2      | Found a faded altar of an unknown god.
  2908 | D:3      | Reached skill level 5 in Spellcasting
  2908 | D:3      | Reached XP level 5. HP: 26/26 MP: 9/13
  3286 | D:3      | Found a burning altar of Makhleb.
  3507 | D:4      | Reached skill level 1 in Shields
  3776 | D:4      | Found an opulent altar of Gozag.
  3777 | D:4      | You fall into a shaft and drop 3 floors!
  3777 | D:7      | Noticed a sky beast
  3801 | D:7      | Found a hazy altar of Hepliaklqana.
  3803 | D:7      | Found an ornate altar of the Wu Jian Council.
  3809 | D:7      | Found an ancient bone altar of Kikubaaqudgha.
  3816 | D:7      | Became a worshipper of Hepliaklqana the Forgotten
  4192 | D:6      | Noticed a necrophage
  4291 | D:6      | Killed a necrophage
  4292 | D:6      | Reached XP level 6. HP: 32/32 MP: 16/16
  4415 | D:5      | Entered Level 5 of the Dungeon
  4423 | D:5      | Identified 2 scrolls of acquirement
  4423 | D:5      | Acquired a +1 buckler of fire resistance
  4424 | D:5      | Acquired the +2 hood of the Assassin {Detection Stab+
                  | Stlth++}
  4424 | D:5      | Found the +2 hood of the Assassin {Detection Stab+ Stlth++}
  4598 | D:5      | Found a runed translucent door.
  4840 | D:6      | Noticed an ice beast
  4873 | D:6      | Killed an ice beast
  4874 | D:6      | Reached XP level 7. HP: 35/35 MP: 13/18
  5887 | D:6      | Reached XP level 8. HP: 42/42 MP: 13/21
  6032 | D:6      | Reached * piety under Hepliaklqana
  6159 | D:5      | Noticed Shadowsilk's ghost (novice TrEE)
  6167 | D:5      | Found a staircase to the Ecumenical Temple.
  6528 | D:5      | Noticed a two-headed ogre
  7474 | D:7      | Reached skill level 10 in Spellcasting
  7694 | D:7      | Found a stormy altar of Qazlal.
  7989 | D:7      | Reached XP level 9. HP: 41/41 MP: 15/24
  8036 | D:7      | Found Sutraklu's Assorted Antiques.
  8045 | D:7      | Bought a tourmaline ring for 140 gold pieces
  8107 | D:7      | Identified the +2 robe "Gurrug" {rC+ rCorr MP+9}
  8547 | D:8      | Reached skill level 5 in Fighting
  8598 | D:8      | Noticed Joseph
  8614 | D:8      | Reached ** piety under Hepliaklqana
  8615 | D:8      | Remembered your ancestor Edwyna as a knight
  9054 | D:8      | Killed Joseph
  9076 | D:8      | Acquired an amulet of faith
  9110 | D:8      | Noticed Psyche
  9114 | D:8      | Killed Psyche
  9183 | D:8      | Identified the +10 quarterstaff of Sunlight {pain, Fly SInv
                  | Stlth-}
  9229 | D:8      | Found a broken altar of Ashenzari.
  9229 | D:8      | Found a sparkling altar of Nemelex Xobeh.
  9229 | D:8      | Found a snail-covered altar of Cheibriados.
  9231 | D:8      | Found a bloodstained altar of Trog.
  9261 | D:8      | Reached XP level 10. HP: 43/47 MP: 9/28
  9469 | D:8      | Learned a level 4 spell: Fulminant Prism
  9474 | D:8      | Learned a level 4 spell: Iskenderun's Mystic Blast
  9533 | D:9      | Reached skill level 3 in Dodging
  9688 | D:9      | Reached skill level 1 in Evocations
  9805 | D:9      | Reached skill level 1 in Short Blades
  9896 | D:9      | Noticed Erolcha
  9939 | D:9      | Identified the +1 scale mail "Hamiom" {Int+4}
 10009 | D:9      | Killed Erolcha
 10010 | D:9      | Reached skill level 4 in Dodging
 10326 | D:9      | Reached skill level 5 in Dodging
 10494 | D:9      | Reached skill level 5 in Stealth
 10760 | D:9      | Reached skill level 6 in Dodging
 10986 | D:9      | Found a staircase to the Lair.
 10987 | D:9      | Reached *** piety under Hepliaklqana
 11150 | D:9      | Found a radiant altar of Vehumet.
 11245 | D:9      | Reached XP level 11. HP: 52/52 MP: 29/29
 11634 | D:10     | Entered Level 10 of the Dungeon
 11670 | D:10     | Reached skill level 7 in Dodging
 11751 | D:10     | Found Cionerr's General Store.
 11754 | D:10     | Bought a wand of flame (24) for 169 gold pieces
 11754 | D:10     | Bought 4 datura-tipped darts for 20 gold pieces
 11957 | D:10     | Identified the +7 whip of Dullness {holy, MP+9}
 12321 | D:10     | Noticed a two-headed ogre
 12326 | D:10     | Noticed Sonja
 12397 | D:10     | Killed a two-headed ogre
 12417 | D:10     | Killed Sonja
 12418 | D:10     | Reached skill level 8 in Dodging
 12418 | D:10     | Reached skill level 5 in Evocations
 12790 | D:11     | Noticed Josephine
 12943 | D:11     | Killed Josephine
 13032 | D:11     | Noticed a four-headed hydra
 13318 | D:11     | Noticed a sixfirhy
 13330 | D:12     | Noticed Nergalle
 13342 | D:12     | Killed Nergalle
 13478 | D:12     | Reached skill level 9 in Dodging
 13519 | D:12     | Noticed a boulder beetle
 13644 | D:12     | Noticed a boulder beetle
 13724 | D:12     | Noticed a brown ugly thing
 13805 | D:11     | Reached **** piety under Hepliaklqana
 13880 | D:11     | Noticed a two-headed ogre
 13906 | D:11     | Killed a two-headed ogre
 14041 | D:11     | Reached XP level 12. HP: 47/56 MP: 19/31
 14119 | D:11     | Found a staircase to the Orcish Mines.
 14285 | D:11     | Reached skill level 5 in Short Blades
 14528 | Lair:1   | Entered Level 1 of the Lair of Beasts
 15003 | Lair:1   | Found a frozen archway.
 15172 | IceCv    | Entered an ice cave
 15224 | IceCv    | Reached skill level 10 in Dodging
 15575 | IceCv    | Reached skill level 5 in Conjurations
 15764 | IceCv    | Found the +4 skin of Zhor {*Englaciate rC+++ SInv}
 16194 | IceCv    | Reached skill level 1 in Invocations
 16356 | IceCv    | Reached skill level 11 in Dodging
 18009 | Lair:2   | Noticed a six-headed hydra
 18030 | Lair:2   | Killed a six-headed hydra
 18321 | Lair:2   | Reached XP level 13. HP: 61/61 MP: 5/32
 18653 | Lair:2   | Reached skill level 10 in Stealth
 19067 | Lair:2   | Reached ***** piety under Hepliaklqana
 19121 | Lair:2   | Found a staircase to the Shoals.
 19311 | Lair:3   | Reached skill level 12 in Dodging
 19659 | Lair:3   | Reached skill level 15 in Spellcasting
 20504 | Lair:3   | Reached skill level 13 in Dodging
 21555 | Lair:4   | Found a staircase to the Snake Pit.
 21730 | Lair:4   | Found a dark tunnel.
 21827 | Volcano  | Entered a volcano
 22173 | Volcano  | Found a radiant altar of Vehumet.
 22404 | Volcano  | Noticed a stone giant
 22555 | Volcano  | Killed a stone giant
 22580 | Volcano  | Identified the +0 pair of boots of Qazlal's Reproof {Regen+
                  | Stlth+}
 22741 | Lair:4   | Gained mutation: You are agile. (Dex +2) [potion of
                  | mutation]
 22741 | Lair:4   | Gained mutation: Your body sometimes deteriorates upon
                  | taking damage. [potion of mutation]
 23164 | Lair:5   | Reached skill level 5 in Invocations
 23292 | Lair:5   | You fall into a shaft and drop 1 floor!
 23292 | Lair:6   | Entered Level 6 of the Lair of Beasts
 23300 | Lair:5   | Found a staircase to the Slime Pits.
 23356 | Lair:5   | Reached skill level 14 in Dodging
 25084 | Lair:5   | Reached XP level 14. HP: 67/67 MP: 23/34
 26375 | Lair:5   | Reached skill level 15 in Dodging
 27772 | Lair:6   | Reached skill level 1 in Hexes
 28869 | D:12     | Reached skill level 16 in Dodging
 30651 | D:13     | Reached skill level 10 in Fighting
 31227 | D:13     | Noticed Frances
 31243 | D:13     | Killed Frances
 31667 | D:13     | Learned a level 3 spell: Summon Guardian Golem
 31937 | D:13     | Lost mutation: Your body sometimes deteriorates upon taking
                  | damage. [potion of mutation]
 31937 | D:13     | Lost mutation: You are agile. (Dex +2) [potion of mutation]
 31937 | D:13     | Gained mutation: You are weak. (Str -2) [potion of
                  | mutation]
 31937 | D:13     | Gained mutation: You have hidden genetic defects. [potion
                  | of mutation]
 32228 | D:13     | Reached XP level 15. HP: 62/72 MP: 23/36
 32840 | D:14     | Reached skill level 17 in Dodging
 32850 | D:14     | Gained mutation: You sometimes lose the ability to read
                  | scrolls when taking damage. [hidden defects]
 33305 | D:14     | Reached skill level 5 in Hexes
 33555 | D:14     | Found a white marble altar of Elyvilon.
 33661 | D:14     | Found a gate to the Vaults.
 33794 | D:15     | Entered Level 15 of the Dungeon
 34602 | D:14     | Gained mutation: You are clumsy. (Dex -2) [hidden defects]
 34602 | D:14     | Lost mutation: You have hidden genetic defects. [hidden
                  | defects expressed]
 35205 | D:14     | Reached skill level 1 in Translocations
 35966 | D:15     | Found a staircase to the Depths.
 36251 | Orc:1    | Entered Level 1 of the Orcish Mines
 36612 | Orc:1    | Reached skill level 5 in Shields
 37351 | Orc:2    | Entered Level 2 of the Orcish Mines
 37488 | Orc:2    | Found a staircase to the Elven Halls.
 38733 | Orc:2    | Found Juduvocw's Assorted Antiques.
 38733 | Orc:2    | Found Xosew's Jewellery Shoppe.
 38734 | Orc:2    | Found Puorobbe's General Store.
 38739 | Orc:2    | Found Agah's Distillery.
 38759 | Orc:2    | Bought the ring "Higohuall" {rC+ rN++ Str+6} for 1328 gold
                  | pieces
 39405 | Orc:1    | Found a transporter.
 39417 | Orc:1    | Reached skill level 5 in Translocations
 39440 | Orc:1    | Reached XP level 16. HP: 75/77 MP: 4/38
 39614 | Orc:1    | Found a transporter.
 39616 | Orc:1    | Noticed Lidduohi's ghost (journeyman TrBe)
 39633 | Orc:1    | Found a bloodstained altar of Trog.
 39904 | Shoals:1 | Entered Level 1 of the Shoals
 40126 | Shoals:1 | Reached skill level 18 in Dodging
 42589 | Shoals:2 | Learned a level 3 spell: Teleport Other
 43701 | Shoals:3 | Found Runoavesch's Assorted Antiques.
 43701 | Shoals:3 | Found Futehymu's Antique Weapon Emporium.
 43724 | Shoals:3 | Bought a potion of mutation for 264 gold pieces
 43728 | Shoals:3 | Lost mutation: You sometimes lose the ability to read
                  | scrolls when taking damage. [potion of mutation]
 43728 | Shoals:3 | Lost mutation: You are clumsy. (Dex -2) [potion of
                  | mutation]
 43728 | Shoals:3 | Gained mutation: You have sharp toenails. [potion of
                  | mutation]
 43728 | Shoals:3 | Lost mutation: You are weak. (Str -2) [potion of mutation]
 43728 | Shoals:3 | Gained mutation: You expend magic power (3 MP) to
                  | strengthen your wands. [potion of mutation]
 44423 | Shoals:3 | Found Sopnom's Antique Armour Boutique.
 44616 | Shoals:3 | Noticed Ilsuiw
 46308 | Shoals:4 | Entered Level 4 of the Shoals
 46315 | Shoals:4 | Noticed a kraken
 46483 | Shoals:3 | Killed Ilsuiw
 47709 | Shoals:4 | Killed a kraken
 47746 | Shoals:4 | Reached XP level 17. HP: 81/81 MP: 14/39
 47901 | Shoals:4 | Reached skill level 10 in Translocations
 48821 | Shoals:4 | Noticed a kraken
 48886 | Shoals:4 | Identified the +1 demon trident of Execution {vamp, Dex+4}
 48886 | Shoals:4 | Identified the +5 crystal plate armour of Rationality {rC+
                  | rN+ Int+2}
 50385 | Shoals:4 | Got a barnacled rune of Zot
 50484 | Shoals:4 | Paralysed by a sphinx for 7 turns
 50908 | Snake:1  | Entered Level 1 of the Snake Pit
 51999 | Snake:1  | Found a hazy altar of Hepliaklqana.
 52891 | Vaults:1 | Entered Level 1 of the Vaults
 52977 | Vaults:1 | Reached skill level 10 in Invocations
 52989 | Vaults:1 | Reached skill level 19 in Dodging
 53924 | Elf:1    | Entered Level 1 of the Elven Halls
 53954 | Elf:1    | Found a radiant altar of Vehumet.
 54517 | Elf:1    | Found Badwe's Book Shop.
 54760 | Elf:1    | Got the Papyrus of Combat Magic
 55228 | Elf:1    | Bought a book of Touch for 416 gold pieces
 55235 | Elf:1    | Learned a level 4 spell: Dispel Undead
 55520 | Elf:2    | Found a runed translucent gate.
 55521 | Elf:2    | Found a runed translucent gate.
 55521 | Elf:2    | Found a runed translucent gate.
 55558 | Elf:2    | Noticed Asterion
 55708 | Elf:2    | Found a shimmering blue altar of Sif Muna.
 55987 | Elf:2    | Reached XP level 18. HP: 88/88 MP: 31/41
 56442 | Elf:1    | Upgraded the game from 0.28-a0-899-gf2b78a14d2 to
                  | 0.28-a0-909-g796cbd3a86
 57263 | Elf:2    | Killed Asterion
 58069 | Elf:3    | Entered Level 3 of the Elven Halls
 58710 | Elf:3    | Learned a level 7 spell: Orb of Destruction
 59907 | Elf:3    | Identified the +1 robe of Insurance {+Inv rF+ Str-2}
 60063 | Elf:3    | Identified the +4 chain mail of the Hall of Blades {rElec
                  | Int+5}
 60978 | Elf:3    | Reached skill level 20 in Dodging
 61199 | Elf:3    | Identified the +7 chain mail of Noughts and Crosses {Drain
                  | Str+2 Int+3}
 61929 | Elf:3    | Identified the ring of Sebbaret {rC+ rN+ Will++ Int-4
                  | Dex+6}
 62877 | Elf:3    | Identified the ring "Xyl Wece" {rPois rF+ MP+9 Int-3}
 63204 | Orc:2    | Bought a potion of invisibility for 136 gold pieces
 63212 | Orc:2    | Bought a wand of iceblast (8) for 180 gold pieces
 63218 | Orc:2    | Bought the ring of Zodghabb {Fly rF+ Will+ rCorr} for 625
                  | gold pieces
 63224 | Orc:2    | Bought a potion of might for 96 gold pieces
 63224 | Orc:2    | Bought 2 potions of curing for 144 gold pieces
 63224 | Orc:2    | Bought a scroll of summoning for 228 gold pieces
 65791 | Snake:3  | Learned a level 4 spell: Flame Wave
 66252 | Snake:3  | Reached XP level 19. HP: 91/91 MP: 43/43
 66651 | Snake:4  | Entered Level 4 of the Snake Pit
 66743 | Snake:3  | Reached skill level 10 in Conjurations
 67435 | Snake:4  | Found a large runed translucent door.
 67435 | Snake:4  | Found a large runed translucent door.
 67437 | Snake:4  | Noticed Roink's ghost (adept TrMo)
 67437 | Snake:4  | Found the +8 whip "Snakebite" {venom, curare, rPois}
 67509 | Snake:4  | Killed Roink's ghost
 68970 | Snake:4  | Noticed Nikola
 69434 | Snake:4  | Found Cone's Jewellery Shoppe.
 69434 | Snake:4  | Found Mimux's Book Shop.
 69435 | Snake:4  | Found Jeidghai's Book Shop.
 69440 | Snake:4  | Bought a book of Burglary for 196 gold pieces
 69545 | Snake:4  | Got a serpentine rune of Zot
 69953 | Depths:1 | Entered Level 1 of the Depths
 70577 | Depths:1 | Learned a level 4 spell: Petrify
 70580 | Depths:1 | Learned a level 2 spell: Passwall
 70862 | Depths:1 | Noticed a caustic shrike
 71356 | Depths:1 | Found a gateway to Hell.
 72250 | Depths:2 | Reached skill level 21 in Dodging
 72518 | Depths:2 | Found Cafa's Assorted Antiques.
 72527 | Depths:2 | Bought a wand of iceblast (13) for 132 gold pieces
 73155 | Depths:2 | Reached XP level 20. HP: 98/98 MP: 45/45
 74259 | Depths:2 | Found a one-way gate leading to the halls of Pandemonium.
 74650 | Depths:3 | Noticed a caustic shrike
 74650 | Depths:3 | Noticed a caustic shrike
 74650 | Depths:3 | Noticed a caustic shrike
 74650 | Depths:3 | Noticed a caustic shrike
 74650 | Depths:3 | Noticed a caustic shrike
 74661 | Depths:2 | Killed a caustic shrike
 76133 | Depths:3 | Found a one-way gate to the infinite horrors of the Abyss.
 77004 | Depths:3 | Killed a caustic shrike
 77128 | Depths:3 | Acquired a +1 cloak of willpower
 77186 | Depths:3 | Killed a caustic shrike
 77192 | Depths:3 | Killed a caustic shrike
 77489 | Depths:3 | Found a gateway to a ziggurat.
 77681 | Depths:3 | Noticed a royal mummy
 77924 | Depths:3 | Killed a caustic shrike
 77950 | Depths:3 | Noticed a royal mummy
 77950 | Depths:3 | Found the +7 sceptre of Torment {pain, torment}
 78218 | Depths:4 | Entered Level 4 of the Depths
 78841 | Slime:1  | Entered Level 1 of the Pits of Slime
 80126 | Lair:5   | Noticed a juggernaut
 80126 | Lair:5   | a rockslime changed into a juggernaut
 80135 | Lair:5   | Killed a juggernaut
 81148 | Slime:2  | Gained mutation: You sometimes lose the ability to read
                  | scrolls when taking damage. [a shining eye]
 81325 | Slime:2  | Gained mutation: Your magical capacity is low. (-10% MP) [a
                  | shining eye]
 81756 | Slime:2  | Reached skill level 22 in Dodging
 82607 | Slime:2  | Reached XP level 21. HP: 97/103 MP: 27/42
 83346 | Slime:4  | Reached skill level 1 in Armour
 84422 | Slime:5  | Entered Level 5 of the Pits of Slime
 84432 | Slime:5  | Gained mutation: You are weak. (Str -2) [a shining eye]
 84433 | Slime:5  | Gained mutation: Armour fits poorly on your strangely
                  | shaped body. [a shining eye]
 84434 | Slime:5  | Gained mutation: Your body sometimes deteriorates upon
                  | taking damage. [a shining eye]
 85644 | Slime:5  | Gained mutation: You occasionally shout uncontrollably at
                  | your foes. [a shining eye]
 86116 | Slime:5  | Gained mutation: You frequently scream uncontrollably at
                  | your foes. [a shining eye]
 86332 | Slime:5  | Noticed the Royal Jelly
 86939 | Slime:5  | Found a viscous altar of Jiyva.
 86980 | Slime:5  | Reached skill level 15 in Fighting
 86992 | Slime:5  | Found the +10 tower shield of Ignorance {rN+ Int-4}
 87396 | Slime:5  | HP: 4/105 [azure jelly[the Royal Jelly] (21)]
 87400 | Slime:5  | Slain by a quicksilver ooze

Illustrated notes

Levels and vault maps discovered:
D:1:      lemuel_arrival_rhombus, layout_rooms
D:2:      layout_basic, shapermc_ecumenical_altar_ellora, minmay_divided_ellipse
D:3:      layout_basic, lightli_temple_of_fire, hex_medium
D:4:      layout_basic, mainiacjoe_overflow_paths, st_stairs_4,
          chequers_serial_rivers_micro_d, uniq_eustachio, uniq_natasha
D:5:      layout_loops_ring, nicolae_tso_swordbearing_angel,
          minmay_temple_entry_grid, ebering_ghost_sewer_d,
          cheibrodos_sewer_entry_drain, kennysheep_crisscross,
          minmay_misc_feat_nine_boxes, minivault_27, minmay_pentangle
D:6:      layout_basic, minmay_ogre_servants
D:7:      layout_gridville, general_overflow_altar, minitemple, serial_shops,
          shop, enter_bailey_2
D:8:      layout_basic, chequers_temple_overflow_statue_of_worship, uniq_psyche,
          uniq_joseph
D:9:      corexii_shack_village, layout_long_grid, vehumet_statue,
          minmay_lair_entry_grove, grunt_ministairs_10, uniq_erolcha
D:10:     layout_basic, serial_shops, kennysheep_mini_moat, uniq_sonja
D:11:     layout_roguey, hiddenorc2_lemuel, nicolae_trove_entry_diagonal,
          disabler_island, uniq_josephine
D:12:     layout_loops_ring, uniq_nergalle
D:13:     layout_gridville, serial_glass, glass_columns_b, glass_columns_a,
          feat_on_display, due_unseen_surprise, minmay_strange_pillars,
          uniq_frances
D:14:     layout_rooms, lightli_vaults_fourway_checkpoint, elyvilon_altar_1
D:15:     grunt_enter_depths_hoard, layout_cave_pools, grunt_decor_fettered,
          glass_columns_a
Lair:1:   layout_layer_cave, portal_ice_cave_demonic_guard, serial_bayou_pond_b,
          serial_bayou_shore_a
Lair:2:   layout_regular_city, elwin_shoals_entry_rooms,
          nicolae_quartered_pool_medium
Lair:3:   layout_cave_pods, special_room [special_room_bee], lemuel_fruit_tree
Lair:4:   layout_roguey, minmay_snake_entry_guardpost_small, enter_volcano_2
Lair:5:   layout_big_grid, minmay_slime_entry_oklob_open,
          minmay_stone_trees_medium
Lair:6:   minmay_lair_end_frog_pond, layout_regular_city, eino_house_with_fridge
Shoals:1: layout_shoals, nicolae_shoals_water_shrine
Shoals:2: layout_shoals, nicolae_shoals_lost_giant_pillars
Shoals:3: layout_shoals, serial_shops, shop_statue, shop_fountains, shop,
          uniq_ilsuiw
Shoals:4: shoals_end_hellmonk_lost_city, serial_shops
Snake:1:  layout_rooms, serial_bayou_pond_d, lemuel_oklob_altar
Snake:2:  layout_layer_cave, grunt_megastairs_4
Snake:3:  layout_rooms
Snake:4:  snake_pit, layout_rooms, ebering_ghost_disaster_area,
          minmay_shop_grove, uniq_nikola
Slime:1:  layout_caves
Slime:2:  layout_caves
Slime:3:  layout_caves
Slime:4:  layout_caves
Slime:5
Orc:1:    layout_caves, gammafunk_ghost_wrathful_warriors, minmay_orc_temple_c
Orc:2:    st_orc_elflike, layout_diamond_mine
Elf:1:    eino_elf_arrival_altar, layout_rooms, serial_shops, shop_coins,
          minmay_elf_annihilation
Elf:2:    nicolae_elf_blades_crystal_corner, layout_onion_city, basic_altar,
          hex_large, uniq_roxanne, uniq_asterion
Elf:3:    nooodl_elf_gasket, layout_geoelf_octagon
Vaults:1: v_pattern_4, grunt_vaults_diagonal, v_misc_5,
          vaults_standard_mumra_enter_the_diamond, v_misc_12, st_cross,
          ontoclasm_vaults_ring_small, nicolae_vaults_three_branches,
          vaults_dpeg_hooks, nicolae_vaults_alarming, layout_vaults_omnigrid,
          uniq_donald
Depths:1: layout_twisted_cross, serial_co_window_serial, co_window_paths_a,
          co_window_of_opportunity_a, co_window_paths_b,
          co_window_of_opportunity_a, co_window_cross_1,
          co_window_of_opportunity_a, co_window_paths_b, co_window_corner_a,
          co_window_of_opportunity_a, co_window_paths_c, co_window_corner_b,
          co_window_2corner, co_window_unsneaky_path_c, co_window_4corner_b,
          glass_columns_a, glass_columns_c, glass_columns_b, glass_columns_a,
          glass_columns_b, hell_entry, st_stairs_3, minmay_stone_trees_small,
          grunt_tough_drop
Depths:2: hangedman_screamer, layout_gridlike, hell_entry,
          rand_demon_pan_entry_1, minmay_misc_feat_enclosed, minmay_shop_star,
          infiniplex_staircase_pool_2
Depths:3: minmay_guarded_unrand_sceptre_of_torment, layout_gridville,
          enter_ziggurat_f, minmay_strange_pillars, abyss_entry_glasseish,
          hell_entry, minmay_librarian, infiniplex_staircase_spiral,
          grunt_megastairs_3, uniq_sojobo
Depths:4: evilmike_zot_entry_argh, layout_cave_pools, hell_entry,
          ebering_ghost_reflecting_pool, abyss_entry_flame_altar,
          serial_bayou_shore_b

Skill      XL: |  1  2  3  4  5  6  7  8  9 10 11 12 13 14 15 16 17 18 19 20 21 |
---------------+----------------------------------------------------------------+-----
Conjurations   | 3 4 5 6 8 9 11 12 | 12.6
Spellcasting   | 3 4 5 6 7 8 10 13 14 15 16 17 18 19 20 21 | 21.6
Fighting       | 1 2 3 4 6 7 8 9 10 11 12 13 14 15 | 15.0
Shields        | 1 2 4 5 7 |  7.2
Dodging        | 6 9 11 14 16 17 18 19 20 21 22 | 22.0
Evocations     | 3 6 |  6.7
Short Blades   | 3 4 6 |  6.4
Stealth        | 5 8 9 10 | 10.1
Invocations    | 2 5 7 8 9 10 11 12 13 | 13.7
Hexes          | 4 5 |  5.5
Translocations | 5 9 12 | 12.3
Armour         | 3 |  3.3

Action                   |  1- 3 |  4- 6 |  7- 9 | 10-12 | 13-15 | 16-18 | 19-21 || total
-------------------------+-------+-------+-------+-------+-------+-------+-------++-------
Melee: Short sword       |     6 |       |       |       |       |       |       ||     6
       Dagger            |     5 |       |       |    32 |    84 |    76 |     7 ||   204
       Kick              |       |       |       |       |       |    17 |    56 ||    73
       Whip              |       |       |       |       |       |       |   188 ||   188
 Cast: Magic Dart        |    85 |   128 |   381 |   959 |  1258 |   645 |   128 ||  3584
       Fulminant Prism   |       |       |       |    19 |   277 |   386 |    50 ||   732
       Summon Guardian G |       |       |       |       |     2 |    12 |     8 ||    22
       Iskenderun's Myst |       |       |       |       |       |   144 |   153 ||   297
       Teleport Other    |       |       |       |       |       |     1 |       ||     1
       Flame Wave        |       |       |       |       |       |     1 |       ||     1
       Orb of Destructio |       |       |       |       |       |       |     5 ||     5
Invok: Ancestor Identity |       |       |     2 |       |       |       |       ||     2
       Recall Ancestor   |       |       |     1 |    32 |    65 |    96 |   127 ||   321
       Ancestor Life: Kn |       |       |     1 |       |       |       |       ||     1
       Idealise          |       |       |       |     3 |    19 |    18 |    18 ||    58
       Transference      |       |       |       |       |       |       |     1 ||     1
Evoke: Wand              |       |    16 |    12 |    62 |     6 |    77 |    81 ||   254
  Use: Potion            |     1 |       |       |     4 |    13 |    20 |    15 ||    53
       Scroll            |       |     9 |     4 |     6 |    14 |    14 |    20 ||    67
 Stab: Distracted        |       |       |       |       |     1 |     3 |     6 ||    10
       Paralysed         |       |       |       |       |     1 |     6 |    14 ||    21
       Sleeping          |       |       |       |       |     1 |     1 |     7 ||     9
       Invisible         |       |       |       |       |       |       |     3 ||     3
Armor: Robe              |     4 |     2 |    14 |    15 |       |       |       ||    35
       Animal skin       |       |       |       |     6 |    25 |    38 |    28 ||    97
       Ice dragon scales |       |       |       |       |       |       |    23 ||    23
       Troll leather arm |       |       |       |       |       |       |     4 ||     4
Dodge: Dodged            |    26 |    12 |    55 |   158 |   348 |   387 |   389 ||  1375
Block: Buckler           |       |       |    10 |    65 |   151 |   200 |   199 ||   625

Table legend: (Time is in decaauts)
 A = Elapsed time spent in this place.
 B = Non-inter-level travel time spent in this place.
 C = Inter-level travel time spent in this place.
 D = Time resting spent in this place.
 E = Time spent auto-exploring this place.
 F = Levels seen in this place.
 G = Mean time per level.
                   A        B        C        D        E       F      G
               +--------+--------+--------+--------+--------+-----+--------+
         Total |  74622 |  71967 |   2655 |  32780 |  21840 |  46 | 1622.2 |
       Dungeon |  19131 |  18052 |   1079 |   4120 |   9902 |  15 | 1275.4 |
          Lair |  12707 |  12203 |    504 |   4596 |   5176 |   6 | 2117.8 |
        Shoals |   9191 |   8953 |    238 |   5728 |   1265 |   4 | 2297.8 |
     Snake Pit |   6484 |   6311 |    173 |   3093 |   1440 |   4 | 1621.0 |
    Slime Pits |   6605 |   6521 |     84 |   4291 |    530 |   5 | 1321.0 |
  Orcish Mines |   2950 |   2783 |    167 |   1418 |    721 |   2 | 1475.0 |
   Elven Halls |   8449 |   8237 |    212 |   5537 |   1126 |   3 | 2816.3 |
        Vaults |    165 |    165 |      0 |      0 |     14 |   1 |  165.0 |
        Depths |   7156 |   6960 |    196 |   3151 |   1575 |   4 | 1789.0 |
      Ice Cave |   1149 |   1149 |      0 |    501 |     87 |   1 | 1149.0 |
       Volcano |    630 |    630 |      0 |    341 |      0 |   1 |  630.0 |
               +--------+--------+--------+--------+--------+-----+--------+

Top non-repeatable levels by time:
   Elf:2: 3682 daAuts
  Lair:5: 3671 daAuts
Shoals:3: 3655 daAuts
    D:14: 2879 daAuts
Shoals:2: 2848 daAuts
   Elf:1: 2843 daAuts
Depths:3: 2827 daAuts
  Lair:2: 2542 daAuts
Depths:2: 2433 daAuts
    D:13: 2427 daAuts
 Slime:4: 2192 daAuts
   Elf:3: 1923 daAuts
 Snake:4: 1906 daAuts
  Lair:6: 1846 daAuts
     D:6: 1755 daAuts
